 Dungeon Crawl Stone Soup version 0.27.1-35-g4d5d836560 (webtiles) character file.

Game seed: 14655373261104442136

1773 Delamore the Chucker (level 9, -3/61 HPs)
             Began as an Octopode Brigand on June 21, 2022.
             Slain by Harold (20 damage)
             ... on level 7 of the Dungeon.
             The game lasted 00:09:39 (6452 turns).

Delamore the Chucker (Octopode Brigand)             Turns: 6452, Time: 00:09:39

Health: -3/61      AC:  5    Str: 17    XL:     9   Next: 7%
Magic:  10/13      EV: 15    Int: 13    God:
Gold:   343        SH:  0    Dex: 16    Spells: 11/14 levels left

rFire    . . .     SeeInvis .   F - +0 whip (elec)
rCold    . . .     Faith    .   (no shield)
rNeg     + . .     Spirit   .   (helmet restricted)
rPois    .         Reflect  .   (no amulet)
rElec    .         Harm     .   k - +4 ring of protection
rCorr    .         Rampage  .   w - ring of flight
Will     .....                  E - ring of positive energy
Stlth    ++++......             H - +6 ring of strength
HPRegen  0.20/turn              (no ring)
MPRegen  0.13/turn              (no ring)
                                (no ring)
                                (no ring)

@: marked, flying
A: almost no armour, amphibious, 8 rings, camouflage 1, gelatinous body 1,
(nimble swimmer 1), tentacles
a: no special abilities


You were on level 7 of the Dungeon.
You visited 1 branch of the dungeon, and saw 7 of its levels.
You also visited: Ossuary.

You collected 343 gold pieces.

Inventory:

Hand Weapons
 a - a +2 dagger
 o - a +3 short sword of electrocution
 t - a +2 hand axe of freezing
 F - a +0 whip of electrocution (weapon)
Missiles
 b - 34 poisoned darts (quivered)
 l - 7 boomerangs
 m - 127 stones
Jewellery
 k - a +4 ring of protection (left tentacle)
 w - a ring of flight (right tentacle)
 E - a ring of positive energy (on tentacle)
 H - a +6 ring of strength (on tentacle)
Wands
 G - a wand of flame (26)
Scrolls
 d - 2 scrolls of enchant weapon
 e - a scroll of enchant armour
 h - a scroll of vulnerability
 q - a scroll of blinking
 r - 3 scrolls of immolation
 u - a scroll of fear
 v - 2 scrolls of amnesia
 y - a scroll of noise
 C - 2 scrolls of magic mapping
 D - 2 scrolls of summoning
 I - a scroll of silence
 J - a scroll of fog {unknown}
Potions
 f - 5 potions of curing
 g - a potion of resistance
 i - a potion of haste {unknown}
 n - a potion of lignification {unknown}
 p - 2 potions of degeneration {unknown}
 s - 2 potions of berserk rage {unknown}
 x - 2 potions of heal wounds {unknown}
 z - 2 potions of flight {unknown}
 A - 2 potions of attraction {unknown}
 B - 4 potions of mutation {unknown}


   Skills:
 - Level 5.0 Fighting
 - Level 3.0 Short Blades
 * Level 3.7 Maces & Flails
 - Level 6.0 Throwing
 - Level 5.0 Dodging
 - Level 5.3 Stealth
 + Level 3.1 Spellcasting
 + Level 3.5 Hexes


You had 11 spell levels left.
You knew the following spells:

 Your Spells              Type           Power      Damage    Failure   Level
a - Tukima's Dance        Hex            11%        N/A       16%         3

Your spell library contained the following spells:

 Spells                   Type           Power      Damage    Failure   Level
 Beastly Appendage        Tmut           4%         N/A       22%         1
 Foxfire                  Conj/Fire      8%         2x1d4     22%         1
 Inner Flame              Hex/Fire       6%         N/A       32%         3
 Portal Projectile        Hex/Tloc       12%        N/A       32%         3
 Wereblood                Tmut           2%         N/A       34%         2
 Call Canine Familiar     Summ           2%         N/A       56%         3
 Conjure Flame            Conj/Fire      2%         6-21      56%         3
 Ignite Poison            Fire/Tmut/Pois 2%         N/A       56%         3
 Mephitic Cloud           Conj/Pois/Air  2%         N/A       56%         3
 Spider Form              Tmut/Pois      1%         N/A       56%         3
 Leda's Liquefaction      Hex/Erth       3%         N/A       73%         4
 Passage of Golubria      Tloc           N/A        N/A       92%         4
 Yara's Violent Unravell  Hex/Tmut       3%         3d4       97%         5
 Bolt of Magma            Conj/Fire/Erth 1%         4d4       99%         5


Dungeon Overview and Level Annotations

Branches:
Dungeon (7/15)            Ossuary (visited)
 Temple: D:4-7

Altars:
Ashenzari
Lugonu

Shops:
D:1 :   D:2 =

Portals:
Abyss: D:3

Annotations:
D:7 Harold


Innate Abilities, Weirdness & Mutations

You cannot wear most types of armour.
You are amphibious.
You can wear up to eight rings at the same time.
Your skin changes colour to match your surroundings (Stealth+).
Your rubbery body absorbs attacks. (AC +1, EV +1)
((You are camouflaged near water. (Stealth+)))
You have tentacles for arms and can constrict up to eight enemies at once.


Message History

Harold resists with almost no effort.
You constrict Harold. Harold barely misses you.
Casting: Tukima's Dance (dangerous; 16% risk of failure)
Confirm with . or Enter, or press ? or * to list all spells.
Aiming: Tukima's Dance (dangerous; 16% risk of failure)
Press: ? - help, Shift-Dir - straight line, f/p - Harold
Aim: Harold, wielding a +0 long sword, wearing a +0 chain mail, quivering 2 throwing nets and carrying a wand of iceblast (4) (moderately wounded, constricted by you, chance to affect: 16%)
Okay, then.
You hit Harold but do no damage. Lightning courses through Harold!
Harold is heavily wounded.
You constrict Harold.
Harold says, "This is so exciting!
What a great way to end my career!"
Harold points at you and mumbles some strange words.
A sentinel's mark forms upon you.
You hit Harold.
Harold is heavily wounded.
You constrict Harold. Harold closely misses you.
The orc wizard gestures at you while chanting.
The magic dart hits you.
You are too injured to fight recklessly!
You are too injured to fight recklessly!
You hit Harold. You squeeze Harold.
Harold is severely wounded.
You constrict Harold. Harold hits you with a +0 long sword!
You hit Harold but do no damage.
Harold is severely wounded.
You constrict Harold. Harold hits you with a +0 long sword.
* * * LOW HITPOINT WARNING * * *
You hit Harold.
Harold is almost dead.
You constrict Harold. Harold casts a spell at you.
The mark upon you grows brighter.
You hit Harold but do no damage.
Harold is almost dead.
You constrict Harold. Harold hits you with a +0 long sword!
* * * LOW HITPOINT WARNING * * *
It was a potion of curing.
You feel better.
You constrict Harold. Harold hits you with a +0 long sword!!
You die...

..o.. ....
#{.####(#
#.o)....#
#..)?...#
#######.####
#..)....#
#)##.##.....
#@##... ....
#@#####.....
#.o.....#...
######### ..


You could see Harold and an orc wizard.

Vanquished Creatures
  Eustachio (D:4)
  Edmund (D:5)
  An ice beast (D:6)
  A sky beast (D:6)
  An ogre (D:6)
  A black bear (D:6)
  A kobold brigand (D:7)
  An elf zombie (Ossuary)
  Blork the orc (D:4)
  3 scorpions
  A water moccasin skeleton (D:4)
  A jelly (D:5)
  2 orc priests (D:5)
  2 bullfrog skeletons (D:6)
  Crazy Yiuf (D:5)
  A human zombie (Ossuary)
  7 iguanas
  2 orc wizards
  2 hound zombies (Ossuary)
  A hound skeleton (D:4)
  5 mummies
  Robin (D:4)
  5 gnolls
  5 adders
  A howler monkey skeleton (D:4)
  A shadow imp (D:5)
  2 adder skeletons (D:4)
  A worm (D:3)
  A dart slug (D:3)
  10 orcs
  2 ball pythons (D:1)
  8 bats
  5 endoplasms
  14 goblins
  7 hobgoblins
  2 frilled lizards
  A goblin zombie (Ossuary)
  A hobgoblin zombie (Ossuary)
  2 jackal zombies (Ossuary)
  7 kobolds
  2 kobold zombies (Ossuary)
  An orc zombie (Ossuary)
  5 rats
  A rat zombie (Ossuary)
  A spectral goblin (D:1)
  A lurking horror (D:3)
124 creatures vanquished.

Vanquished Creatures (collateral kills)
  3 gnolls (D:4)
  A kobold (D:4)
4 creatures vanquished.

Grand Total: 128 creatures vanquished

Notes
Turn   | Place    | Note
-------+----------+-------------------------------------------
     0 | D:1      | Delamore the Octopode Brigand began the quest for the Orb.
     0 | D:1      | Reached XP level 1. HP: 14/14 MP: 1/1
    31 | D:1      | Found Paravvax's Book Emporium.
   224 | D:1      | Reached XP level 2. HP: 19/19 MP: 2/2
   528 | D:1      | Found a faded altar of an unknown god.
  1058 | D:2      | Reached XP level 3. HP: 25/25 MP: 3/3
  1360 | D:2      | Found Hirrob's Jewellery Boutique.
  1606 | D:3      | Reached XP level 4. HP: 19/31 MP: 4/4
  1941 | D:3      | You fall into a shaft and drop 1 floor!
  1951 | D:3      | Found a corrupted altar of Lugonu.
  1952 | D:3      | Found a one-way gate to the infinite horrors of the Abyss.
  2489 | D:3      | Reached skill level 3 in Throwing
  2689 | D:4      | Noticed Eustachio
  2700 | D:4      | Reached XP level 5. HP: 25/37 MP: 5/5
  2717 | D:4      | Killed Eustachio
  2718 | D:4      | Reached XP level 6. HP: 17/44 MP: 6/6
  3195 | D:4      | Noticed Robin
  3207 | D:4      | Killed Robin
  3383 | D:4      | Noticed Blork the orc
  3387 | D:4      | Killed Blork the orc
  3388 | D:4      | Reached skill level 5 in Fighting
  3388 | D:4      | Reached skill level 4 in Throwing
  3570 | D:4      | Reached XP level 7. HP: 50/50 MP: 7/7
  3775 | D:4      | Learned a level 3 spell: Tukima's Dance
  3786 | D:5      | Entered Level 5 of the Dungeon
  3848 | D:5      | Found a sand-covered staircase.
  3856 | Ossuary  | Entered an ossuary
  4322 | D:5      | Noticed Edmund
  4332 | D:5      | Killed Edmund
  4333 | D:5      | Reached skill level 5 in Throwing
  4333 | D:5      | Reached skill level 5 in Dodging
  4465 | D:5      | Reached XP level 8. HP: 55/55 MP: 8/8
  4549 | D:5      | Reached skill level 6 in Throwing
  4549 | D:5      | Reached skill level 1 in Spellcasting
  4549 | D:5      | Reached skill level 1 in Hexes
  4554 | D:5      | Found a broken altar of Ashenzari.
  4764 | D:5      | Found a runed translucent door.
  4765 | D:5      | Noticed Crazy Yiuf
  5160 | D:5      | Killed Crazy Yiuf
  5211 | D:6      | Noticed a six-headed hydra
  5387 | D:6      | Reached skill level 1 in Maces & Flails
  6041 | D:7      | Noticed Harold
  6052 | D:7      | Reached XP level 9. HP: 36/61 MP: 13/13
  6452 | D:7      | Slain by Harold

Illustrated notes

Levels and vault maps discovered:
D:1:      onia_arrival_pyramid, layout_rooms, serial_shops,
          nicolae_shop_behind_doors, dreamdust_ecumenical_altar_drowned_temple,
          chequers_serial_rivers_small_b
D:2:      layout_basic, serial_shops, nicolae_diamond_shop
D:3:      layout_loops_cross, amcnicky_altar_lugonu_corruption
D:4:      layout_loops_ring, uniq_robin, uniq_eustachio, uniq_blork_the_orc
D:5:      layout_gridville, amcnicky_altar_gilded, gup_ossuary_entry_pyramid,
          uniq_edmund, uniq_crazy_yiuf_cottage
D:6:      layout_cave_pools, feat_on_display
D:7:      layout_loops_cross, minmay_temple_entry_waves, uniq_harold

Skill      XL: |  1  2  3  4  5  6  7  8 |
---------------+-------------------------+-----
Fighting       | 3 4 5 |  5.0
Dodging        | 2 3 4 5 |  5.0
Throwing       | 3 4 5 6 |  6.0
Spellcasting   | 3 |  3.1
Hexes          | 3 |  3.5
Short Blades   | 3 |  3.0
Maces & Flails | 3 |  3.7
Stealth        | |  5.3

Action                   |  1- 3 |  4- 6 |  7- 9 || total
-------------------------+-------+-------+-------++-------
Melee: Dagger            |    60 |    20 |       ||    80
       Constrict         |    15 |    18 |    33 ||    66
       Tentacles         |     8 |    13 |    30 ||    51
       Hand axe          |       |    17 |       ||    17
       Short sword       |       |    27 |    83 ||   110
       Whip              |       |       |    50 ||    50
Throw: Dart              |     6 |    11 |    11 ||    28
       Stone             |       |     4 |       ||     4
       Boomerang         |       |     8 |       ||     8
       Throwing net      |       |       |     2 ||     2
 Cast: Tukima's Dance    |       |       |     4 ||     4
  Use: Scroll            |     2 |     4 |     7 ||    13
       Potion            |       |       |     1 ||     1
 Stab: Sleeping          |     8 |     5 |    17 ||    30
Armor: Skin              |     3 |     8 |    26 ||    37
Dodge: Dodged            |    29 |    42 |    79 ||   150
